AoeStats
← SC_Dead Rabbit "The original"

Coastal Forest

510426361Analyzed
3v3 RM · 2d ago on Oct 1, 2026· 32m 9s· 6 players
Game mode
Random Map
Map size
Normal (6 player)
Population
200
Speed
Normal
Resources
Standard
Victory
Conquest
Starting age
Dark Age
Ending age
Imperial Age
RankedLock teamsTeams togetherTeam positionsShared explorationLock speedFull tech treeHidden civsTurbo modeCheats
Victory
Defeat
🇵🇪 Inca · Peru
1394
+13
🇷🇺 Sicilians · Russia
1369
+14
🇦🇹 Turks · Austria
1347
+15
🇦🇷 Malay · Argentina
1605
-24
🇨🇱 Varangians · Chile
1356
-14
988
-4
IRON MIKE
7:04 Loom
9:23 Feudal Age
10:04 Double-Bit Axe
14:05 Fishing Lines
18:45 Castle Age
17:43 Scale Barding Armor
17:48 Forging
20:32 Bow Saw
21:29 Husbandry
21:39 Bloodlines
23:16 Iron Casting
25:54 Medium Warships
boomer2000
6:36 Loom
9:45 Feudal Age
10:17 Double-Bit Axe
10:15 Horse Collar
19:59 Wheelbarrow
19:49 Gold Mining
24:34 Castle Age
22:56 Scale Barding Armor
23:26 Bloodlines
25:40 Husbandry
26:02 Chain Barding Armor
25:53 Forging
28:52 Hand Cart
28:43 Heavy Plow
29:23 Hand Cart
León Sin Melena
5:45 Loom
5:55 Loom
8:44 Feudal Age
9:18 Double-Bit Axe
15:35 Fletching
16:07 Horse Collar
19:33 Wheelbarrow
22:37 Castle Age
21:22 Gold Mining
22:41 Crossbowman
23:17 Bodkin Arrow
23:28 Thumb Ring
23:39 Bow Saw
23:38 Town Watch
24:16 Padded Archer Armor
26:38 Leather Archer Armor
28:07 Hand Cart
30:09 Ballistics
33:59 Imperial Age
[CL] el mago del semen
10:57 Feudal Age
9:40 Loom
14:53 Castle Age
12:53 Fishing Lines
13:34 Double-Bit Axe
15:39 Bow Saw
16:30 Medium Warships
17:26 Gillnets
19:16 Fletching
21:23 Forging
22:09 Wheelbarrow
23:58 Husbandry
26:18 Scale Barding Armor
30:17 Iron Casting
SC_Dead Rabbit "The original"
5:42 Loom
11:28 Feudal Age
Manco Cápac II
8:23 Loom
10:45 Feudal Age
15:06 Castle Age
13:41 Double-Bit Axe
14:23 Scale Mail Armor
14:15 Gold Mining
14:08 Fishing Lines
15:04 Arson
15:38 Forging
17:10 Bow Saw
17:34 Squires
26:33 Gambesons
Connection lost

Rejoining the realm…

Still unreachable

The connection could not be restored.

Session expired

The server has moved on; the page needs a fresh start.